[Event "Late-Titled-Tuesday-Blitz-February-13-2024"]
[Site "Chess.com"]
[Date "2024.02.13"]
[Round "10"]
[White "JaackCamel"]
[Black "gxbg2000"]
[Result "1-0"]
[WhiteElo "2201"]
[BlackElo "2049"]
[TimeControl "180+1"]
[EndTime "15:55:54 PST"]
[Termination "JaackCamel won on time"]

1. d4 d5 2. c4 c6 3. cxd5 cxd5 4. Bf4 g6 5. e3 Bg7 6. Nc3 a6 7. Bd3 Nf6 8. h3 O-O 9. Nf3 Nc6 10. O-O Re8 11. Rc1 Bf5 12. Bxf5 gxf5 13. a3 e6 14. Na4 Rc8 15. b4 Ne4 16. Nc5 Qe7 17. Qe2 Red8 18. Rc2 Na7 19. Rfc1 Nb5 20. Qd3 Nbd6 21.
Be5 Nc4 22. Bxg7 Kxg7 23. Qb3 f6 24. a4 Rg8 25. Nd3 Kf7 26. Nf4 Qd7 27. b5 a5 28. Ne1 b6 29. Qd3 Qd6 30. Nf3 Rc7 31. Ne1 Ke8 32. f3 Ng5 33. h4 Nf7 34. Qe2 Nd8 35.
Ned3 Rcg7 36. Qf1 Rc7 37. Re2 Kf7 38. Rcc2 Nb7 39. Kh1 Rgc8 40. Kh2 Nd8 41. Kh1 Kg8 42. g3 Kh8 43. Qh3 Nf7 44. Rc1 Nh6 45. Rg1 Rg7 46. Nh5 Rg6 47. Ndf4 Rcg8 48. Nxg6+ Rxg6 49. Nf4 Rg7 50.
h5 Rg5 51. Qh4 e5 52. dxe5 fxe5 53. Nh3 Rg8 54. f4 e4 55. Ng5 Qe7 56. Rd1 Nf7 57. Rxd5 Nxg5 58. fxg5 Qxg5 59. Qxg5 1-0

[Event "Late-Titled-Tuesday-Blitz-February-13-2024"]
[Site "Chess.com"]
[Date "2024.02.13"]
[Round "10"]
[White "rdarruda"]
[Black "Cristi_Coca"]
[Result "1/2-1/2"]
[WhiteElo "2507"]
[BlackElo "2385"]
[TimeControl "180+1"]
[EndTime "15:55:55 PST"]
[Termination "Game drawn by repetition"]

1. Nf3 Nf6 2. d4 g6 3. g3 Bg7 4. Bg2 O-O 5. O-O d6 6. Nc3 Nbd7 7. e4 c5 8. dxc5 Nxc5 9. Qe2 Bg4 10. h3 Bxf3 11. Bxf3 Qd7 12. Bg2 Rfc8 13. Be3 a6 14. Rad1 Qe6 15. Bd4 b5 16. a3 Rab8 17. Rfe1 b4 18.
axb4 Rxb4 19. b3 Nfd7 20. Bxg7 Kxg7 21. Nd5 Rbb8 22. Qe3 Nf6 23. Qd4 Nd7 24. Rd2 Qe5 25. Qa4 Nxd5 26. Rxd5 Qc3 27. Re2 Nc5 28. Qd4+ Qxd4 29.
Rxd4 a5 30. Re1 Rb4 31. Rxb4 axb4 32. Bf1 Ne6 33. Bd3 Nd4 34. Ra1 Rc3 35. Ra4 Nc6 36. Kf1 Kf6 37. Ke2 Ke5 38. Ke3 d5 39. f4+ Kd6 40. e5+ Kc5 41. Kd2 Kb6 42. Ra6+ Kb7 43. Ra1 Nd4 44. Rf1 Ne6 45. g4 Nc5 46. Rf3 Nxd3 47.
Rxd3 Rxd3+ 48. Kxd3 Kc6 49. Kd4 e6 50. c3 bxc3 51.
Kxc3 Kb5 52. g5 Kb6 53. Kb4 Kc6 54. Ka5 Kc5 55. b4+ Kc6 56. b5+ Kb7 57. Kb4 Kb6 58. h4 Kb7 59. Kc5 Kc7 60. b6+ Kb7 61. Kb5 Kb8 62. Kc5 Kb7 63. Kb5 Kb8 64. Kc5 Kc8 65. Kb5 Kb7 66. Kc5 Kb8 67. Kb5 Ka8 68.
Kc5 Kb7 1/2-1/2

[Event "Late-Titled-Tuesday-Blitz-February-13-2024"]
[Site "Chess.com"]
[Date "2024.02.13"]
[Round "10"]
[White "GianmarcoVaR"]
[Black "KuzubovYuriy"]
[Result "1-0"]
[WhiteElo "2755"]
[BlackElo "2965"]
[TimeControl "180+1"]
[EndTime "15:55:59 PST"]
[Termination "GianmarcoVaR won by resignation"]

1. e4 e6 2. d4 d5 3. Nc3 Bb4 4.
e5 Ne7 5. Qg4 Nf5 6. a3 Be7 7. Nf3 Nc6 8. h4 h5 9. Qf4 b6 10. Bd3 Qd7 11. Ne2 a5 12. Ng3 g6 13.
Nxf5 exf5 14. Qg3 Ba6 15. Bxa6 Rxa6 16. Bg5 Bxg5 17. Qxg5 Qe7 18. Qd2 a4 19. c4 Qd7 20.
O-O Na5 21. cxd5 Qxd5 22. Qc3 Ra7 23. Rad1 c6 24. Qb4 b5 25. Rfe1 Nc4 26. e6 f6 27.
e7 Rh7 28. Nd2 Nxd2 29. Rxd2 Raxe7 30. Rde2 Qd7 31. Qa5 Rxe2 32. Rxe2+ Re7 33. Qa8+ Kf7 34. Rxe7+ Kxe7 35. Qg8 Qe8 36. Qg7+ Qf7 37. Qh8 Kd7 38. g3 g5 39. hxg5 fxg5 40. Qe5 h4 41. f4 hxg3 42.
fxg5 f4 43. Qe4 f3 44. Qg4+ Kd6 45. Qxg3+ Kd5 46. Qe5+ Kc4 47. Qf6 Qh5 48. Kf2 Qh2+ 49.
Kxf3 Qh1+ 50. Kf4 Qf1+ 51. Ke5 Qe2+ 52. Kd6 Qxb2 53. g6 Qh2+ 54. Kxc6 b4 55. g7 Qg2+ 56. Kb6 bxa3 57. Qf7+ Kxd4 58. g8=Q Qxg8 59. Qxg8 Kc3 60. Qa2 Kb4 61. Ka6 1-0

[Event "Late-Titled-Tuesday-Blitz-February-13-2024"]
[Site "Chess.com"]
[Date "2024.02.13"]
[Round "10"]
[White "mbojan"]
[Black "GothamChess"]
[Result "1-0"]
[WhiteElo "2856"]
[BlackElo "2714"]
[TimeControl "180+1"]
[EndTime "15:55:59 PST"]
[Termination "mbojan won by resignation"]

1. a3 b6 2. e4 Bb7 3. Nc3 e6 4.
d4 d5 5. exd5 exd5 6. Bd3 Nf6 7.
Nge2 c5 8. Ng3 Qe7+ 9. Qe2 Nc6 10.
Qxe7+ Bxe7 11. Nf5 O-O 12. Nxe7+ Nxe7 13. Be3 c4 14. Be2 Nf5 15. Kd2 Rfe8 16. Bf3 Nd6 17. Rae1 Nfe4+ 18. Bxe4 Nxe4+ 19. Nxe4 Rxe4 20. f3 Re6 21.
Bf4 Rae8 22. Rxe6 Rxe6 23. Be5 f6 24. Bf4 g5 25. Bb8 a6 26. Bc7 Rc6 27. Bg3 Kf7 28.
h4 h6 29. hxg5 fxg5 30. f4 Rg6 31. f5 Rf6 32. Be5 Rxf5 33. Rxh6 Bc8 34. Rxb6 Rf2+ 35. Kc3 Rxg2 36. Rc6 Bd7 37. Rxa6 g4 38. b3 cxb3 39.
Rf6+ Ke8 40. cxb3 Rg1 41. Bd6 Bb5 42. a4 Bc6 43. Be5 g3 44. Kb4 g2 45. Rxc6 Rh1 46.
Bh2 Kf7 47. Rc7+ Kg6 48. Be5 Kf5 49. Rg7 g1=Q 50. Rxg1 Rxg1 51. a5 Ke6 52. Kc5 Kd7 53.
b4 Ra1 54. Kxd5 Rc1 55. b5 Kc8 56. a6 Rb1 57. Kc6 Rc1+ 58. Kb6 Kd7 59. a7 1-0

[Event "Late-Titled-Tuesday-Blitz-February-13-2024"]
[Site "Chess.com"]
[Date "2024.02.13"]
[Round "10"]
[White "ChessQueen"]
[Black "sergiochess83"]
[Result "1-0"]
[WhiteElo "2719"]
[BlackElo "2836"]
[TimeControl "180+1"]
[EndTime "15:55:59 PST"]
[Termination "ChessQueen won on time"]

1. e4 e6 2. d4 d5 3. exd5 exd5 4. Nf3 Nf6 5. Bd3 c5 6. O-O c4 7. Re1+ Be7 8. Bf1 O-O 9. b3 cxb3 10. axb3 Nc6 11.
Be3 Bf5 12. c4 Nb4 13. Na3 Ne4 14. Nd2 a6 15. Qf3 Qd7 16. h3 Rfe8 17. cxd5 Nxd2 18. Bxd2 Nxd5 19. Nc4 f6 20. Ne3 Be6 21. Bd3 Bf8 22.
Be4 Nxe3 23. fxe3 Rab8 24. d5 Bf7 25. Bc3 Rbc8 26. Bb2 Rxe4 27. Qxe4 Qxd5 28. Qxd5 Bxd5 29. Rac1 Rxc1 30. Rxc1 Bxb3 31. Rc8 Kf7 32. Rc7+ Kg6 33. Rxb7 Bc4 34. Bd4 Bb5 35. Kf2 Bd6 36. g3 h5 37.
e4 Ba3 38. Kf3 Bd6 39. g4 hxg4+ 40. hxg4 Bh2 41. Ra7 Bb8 42. Rb7 Bd6 43. Be3 Be5 44.
Bf4 Bd4 45. Rb8 Ba4 46. Ke2 Bb5+ 47. Kf3 Ba4 48. Rd8 Bb6 49. Rd6 Bc5 50. Rxa6 Bd1+ 51. Kg3 Bb4 52. Be3 Be1+ 53. Kh3 Be2 54. Rb6 Bf1+ 55.
Kh2 Bd3 56. e5 Bc3 57. exf6 gxf6 58. Bf4 Be4 59. Rb3 Ba5 60. Rb5 1-0

[Event "Late-Titled-Tuesday-Blitz-February-13-2024"]
[Site "Chess.com"]
[Date "2024.02.13"]
[Round "10"]
[White "C_K_G"]
[Black "Ducke13"]
[Result "1-0"]
[WhiteElo "2183"]
[BlackElo "2340"]
[TimeControl "180+1"]
[EndTime "15:55:59 PST"]
[Termination "C_K_G won on time"]

1. e4 c5 2. Nf3 d6 3. d4 cxd4 4.
Nxd4 Nf6 5. Nc3 a6 6. Be2 e5 7. Nb3 Be6 8. Be3 Nbd7 9. O-O Be7 10. Kh1 O-O 11. f4 Rc8 12. f5 Bc4 13. a4 Bxe2 14. Qxe2 Rxc3 15. bxc3 Nxe4 16. Qd3 Ndf6 17. Nd2 Nxd2 18.
Bxd2 d5 19. Bg5 Qd6 20. Rab1 e4 21. Qd4 Ng4 22. Bf4 Qd7 23. h3 Nf6 24. Qb6 Qxf5 25. Qxb7 Bd8 26. Bd6 Qe6 27. Bxf8 Kxf8 28. Qa8 Qd6 29.
Rb8 Ke8 30. Qb7 Nh5 31. Re1 Ng3+ 32. Kg1 Qc5+ 33. Kh2 Qd6 34. Qb4 Qe5 35. Rxd8+ Kxd8 36. Qf8+ Kd7 37. Qxf7+ Kc6 38. Kg1 e3 39. Qf3 e2 40.
Kf2 Ne4+ 41. Kg1 Ng3 42. c4 h5 43. cxd5+ Kd6 44. c4 h4 45. Qf2 Qc3 46. Qf8+ Kd7 47. Qf7+ Kd8 48. Qf8+ Kd7 49. Qf7+ Kd8 50. Qf2 Qxc4 51.
d6 Qd5 52. Qf8+ Kd7 53. Qe7+ 1-0

[Event "Late-Titled-Tuesday-Blitz-February-13-2024"]
[Site "Chess.com"]
[Date "2024.02.13"]
[Round "10"]
[White "Rinqed222"]
[Black "HajiyevKanan"]
[Result "1-0"]
[WhiteElo "2291"]
[BlackElo "2457"]
[TimeControl "180+1"]
[EndTime "15:56:00 PST"]
[Termination "Rinqed222 won on time"]

1. e4 c6 2. d4 d5 3. e5 a6 4. Bd3 c5 5. c3 Nc6 6. Be3 Qb6 7. Qd2 c4 8. Bf1 Bf5 9. Na3 e6 10. Nxc4 dxc4 11. d5 Qb5 12. dxc6 Qxc6 13. O-O-O Be7 14. Nf3 Rd8 15. Nd4 Qe4 16. Nxf5 Rxd2 17. Nxg7+ Kf8 18. Nxe6+ fxe6 19. Rxd2 Qxe5 20. Bxc4 Nf6 21. Bd4 Qg5 22. Re1 Bc5 23. Re5 Qxg2 24. Bxc5+ Kg7 25. f4 Qh1+ 26. Kc2 Rc8 27. Bxe6 Rxc5 28. Rxc5 Qe4+ 29. Kc1 Qxe6 30. Re5 Qxa2 31. Re7+ Kg6 32. Rxb7 Qa1+ 33. Kc2 Qa4+ 34. Kc1 Qxf4 35. Rb6 a5 36. Kc2 Qe4+ 37. Kc1 a4 38. Rdd6 Qf4+ 39. Kc2 Qf2+ 40. Kc1 Qxh2 41. Rxf6+ Kg5 42. Rfd6 Qg1+ 43. Kc2 Qf2+ 44. Kd3 Qf5+ 45.
Kd4 Qf4+ 46. Kd3 Qf3+ 47. Kd4 h5 48. Rd5+ Kh4 49. Re6 Qf2+ 50. Re3 Kg4 51. Re5 Qd2+ 52. Kc4 Qxb2 53. R3e4+ Kf3 54. Re3+ Kf2 55. R3e4 Qb3+ 56. Kc5 Qxc3+ 57. Kd5 Qd3+ 58. Ke6 a3 59. Rf5+ Kg3 60. Rg5+ 1-0

[Event "Late-Titled-Tuesday-Blitz-February-13-2024"]
[Site "Chess.com"]
[Date "2024.02.13"]
[Round "10"]
[White "Sl4werThanYou"]
[Black "Njal28"]
[Result "1-0"]
[WhiteElo "2703"]
[BlackElo "2965"]
[TimeControl "180+1"]
[EndTime "15:56:01 PST"]
[Termination "Sl4werThanYou won by resignation"]

1. e4 e5 2. Nf3 Nc6 3. Nc3 Nf6 4. h3 Bb4 5. Bd3 d6 6. a3 Bc5 7. b4 Bb6 8. Bc4 Nxe4 9. Nxe4 d5 10. Bd3 dxe4 11. Bxe4 O-O 12. O-O f5 13. Bxc6 bxc6 14. d3 e4 15. dxe4 Ba6 16. Re1 fxe4 17. Qxd8 Raxd8 18. Rxe4 Rd1+ 19. Kh2 Rf1 20. Bb2 Rxf2 21. Nd4 Bb7 22. Rg4 Bc8 23. Ne6 R8f7 24. Rd1 Bd7 25.
Rxg7+ Rxg7 26. Nxg7 Rxc2 27. Be5 Re2 28. Ba1 Be6 29. Nh5 Ra2 30. Rd8+ Kf7 31. Be5 Bd5 32.
Nf4 Rxa3 33. Rd7+ Ke8 34. Rxh7 Bf2 35. Nh5 Bb6 36. Nf6+ Kd8 37. h4 Ra2 38. Rg7 Re2 39. Bc3 Rc2 40. Be5 Kc8 41. h5 Re2 42.
Ba1 Re1 43. h6 Bg1+ 44. Kg3 Rxa1 45. h7 Bd4 46. h8=Q+ Kb7 47. Rg6 Be5+ 48. Kg4 Rg1 49.
Kf5 Ba1 50. Qh3 Rf1+ 51. Kg5 Bf7 52. Rh6 Rc1 53. Qd3 Rc4 54. Rh7 Be6 55. Re7 Bg8 56. Nxg8 Rxb4 57. Qd7 Rb5+ 58. Kg4 Be5 59. Rxe5 Rxe5 60.
Ne7 Rd5 61. Qxc6+ 1-0

[Event "Late-Titled-Tuesday-Blitz-February-13-2024"]
[Site "Chess.com"]
[Date "2024.02.13"]
[Round "10"]
[White "BilodeauA"]
[Black "Oleksandr_Bortnyk"]
[Result "1-0"]
[WhiteElo "3000"]
[BlackElo "3058"]
[TimeControl "180+1"]
[EndTime "15:56:03 PST"]
[Termination "BilodeauA won on time"]

1. e4 Nf6 2. e5 Nd5 3. d4 d6 4.
Nf3 dxe5 5. Nxe5 c6 6. Bc4 Nd7 7. Nf3 N7f6 8. h3 Bf5 9. O-O e6 10. c3 Be7 11. Re1 O-O 12. Nbd2 b5 13. Bf1 a5 14.
Ne5 Qb6 15. a4 Rfd8 16. Qb3 b4 17. Ndc4 Qc7 18. Bd2 c5 19. dxc5 Bxc5 20. cxb4 Nxb4 21. Rac1 Ne4 22. Be3 Rab8 23. Bxc5 Nxc5 24. Qf3 Nxa4 25. g4 Bc2 26. Na3 Nxb2 27. Nxc2 Nxc2 28. Re2 Nc4 29. Rcxc2 Nxe5 30. Qg3 Qe7 31. Qxe5 a4 32. Rc7 Qf6 33. Qxf6 gxf6 34. Ra2 Rd4 35. Ra7 Rbb4 36. Rc2 Rb1 37. Kg2 Rdd1 38. Rc8+ Kg7 39. Bc4 Rg1+ 40.
Kf3 Rbc1 41. Rcc7 Rc3+ 42. Ke2 Kh6 43. Bd3 Rxc7 44. Rxc7 Kg7 45. Ra7 Ra1 46. h4 a3 47.
Kf3 h5 48. gxh5 f5 49. Bc4 Kf6 50. h6 Rc1 51. Ba2 Rc3+ 52. Kg2 Rc2 53. h7 Kg7 54. Rxf7+ Kxf7 55. h8=Q Rxa2 56. Qa8 Ra1 57. Qa4 a2 58.
Qa3 Kg6 59. Qb2 Re1 60. Qxa2 Re4 61. Kh3 Kh5 62. Kg2 Kxh4 63. f3 Re5 64. Qb2 1-0

[Event "Late-Titled-Tuesday-Blitz-February-13-2024"]
[Site "Chess.com"]
[Date "2024.02.13"]
[Round "10"]
[White "cthulhuuu"]
[Black "djano"]
[Result "0-1"]
[WhiteElo "2483"]
[BlackElo "2668"]
[TimeControl "180+1"]
[EndTime "15:56:05 PST"]
[Termination "djano won by resignation"]

1. e4 b6 2. d3 Bb7 3. Nd2 g6 4. g3 h5 5. h4 Nf6 6. Bg2 Bg7 7. Ngf3 c5 8. O-O Nc6 9. Re1 d6 10. c3 Ng4 11. Nc4 O-O 12. Ne3 Bc8 13. d4 cxd4 14. cxd4 e5 15. d5 Nd4 16. Nxd4 exd4 17. Nxg4 Bxg4 18.
f3 Bd7 19. Bg5 Bf6 20. Qd2 Rc8 21. Rac1 Rc5 22. Qf4 Bxg5 23. hxg5 Qc7 24. g4 hxg4 25. Kf2 d3 26. Kg3 Rc8 27. Rxc5 Qxc5 28. Qf6 Qc1 29. Rxc1 Rxc1 30. Qd8+ Kg7 31. Qf6+ Kg8 32. Qd4 Bb5 33. fxg4 Rc2 34. Bf3 d2 35. Qf6 Rc1 36. Qd8+ Kg7 37.
Qxd6 d1=Q 38. Bxd1 Rxd1 39. Qf6+ Kg8 40. Qd8+ Kg7 41.
Qf6+ Kg8 42. d6 Rg1+ 43. Kf2 Rf1+ 44. Ke3 Rxf6 45. gxf6 Bd7 46. g5 Kf8 47. Kd4 Ke8 48.
b3 Kd8 49. a4 Be6 50. b4 a6 51. a5 bxa5 52. bxa5 Kc8 53. Kc5 Kb7 54. e5 Bf5 55.
Kd4 Kc6 56. Kc4 Be6+ 57. Kd4 Kb5 58. d7 Bxd7 59. Kd5 Be6+ 60. Kd6 Kxa5 61. Ke7 Kb4 0-1

[Event "Late-Titled-Tuesday-Blitz-February-13-2024"]
[Site "Chess.com"]
[Date "2024.02.13"]
[Round "10"]
[White "Hikaru"]
[Black "dropstoneDP"]
[Result "1/2-1/2"]
[WhiteElo "3313"]
[BlackElo "3057"]
[TimeControl "180+1"]
[EndTime "15:56:07 PST"]
[Termination "Game drawn - timeout vs insufficient material"]

1. e4 e5 2. Bc4 Nf6 3. d3 c6 4. Nf3 d5 5. Bb3 Bb4+ 6. Bd2 Bxd2+ 7. Qxd2 a5 8. a3 a4 9. Ba2 O-O 10. Nxe5 Qe7 11. f4 dxe4 12. Nc3 exd3 13. cxd3 Be6 14. Bxe6 Qxe6 15. O-O Nbd7 16. Rae1 Qd6 17. d4 Rad8 18.
Nxa4 Nxe5 19. fxe5 Qxd4+ 20. Qxd4 Rxd4 21. exf6 Rxa4 22. Re7 b5 23. Rc1 Rc4 24. Rxc4 bxc4 25. Rb7 gxf6 26.
Kf2 Ra8 27. Rb6 c5 28. Rb5 c3 29. bxc3 Rxa3 30. Rxc5 Ra2+ 31. Kf3 Rc2 32. h4 f5 33. Rc6 Kg7 34. c4 f6 35. g3 Kg6 36. Rc8 Rc1 37.
Rc7 h6 38. Rc8 Rc2 39. c5 Rc3+ 40. Kf4 Rc4+ 41. Ke3 f4+ 42. Kd3 f3 43. Ke3 Rc3+ 44. Kf2 Kf5 45. c6 Kg4 46. Rg8+ Kf5 47. Rc8 Kg4 48.
Rg8+ Kf5 49. h5 Rxc6 50. Kxf3 Rc3+ 51. Kg2 Rc1 52. Rg6 Ra1 53. Kh2 Rb1 54. Kg2 Ra1 55. Rxh6 Kg5 56. Rh8 f5 57. h6 Kg6 58. Kf3 Ra4 59.
Rf8 Kxh6 60. Rxf5 Kg7 61. Rf4 Rxf4+ 62. gxf4 Kf6 63. Ke4 Ke6 64. f5+ Kf6 65. Kf4 Kf7 66.
Ke5 Ke7 67. f6+ Kf7 68. Kf5 Kf8 1/2-1/2

[Event "Late-Titled-Tuesday-Blitz-February-13-2024"]
[Site "Chess.com"]
[Date "2024.02.13"]
[Round "10"]
[White "BardArtem"]
[Black "temus_galaktionov"]
[Result "0-1"]
[WhiteElo "2762"]
[BlackElo "2903"]
[TimeControl "180+1"]
[EndTime "15:56:07 PST"]
[Termination "temus_galaktionov won on time"]

1. e4 c6 2. Nf3 g6 3. d4 d6 4.
c3 Bg7 5. Bd3 Nd7 6. O-O e5 7.
Nbd2 Ngf6 8. Nc4 Qc7 9. a4 O-O 10. Re1 exd4 11. cxd4 d5 12. exd5 Nxd5 13. Bg5 h6 14. Bh4 N7f6 15. Bg3 Qd8 16. h3 Nh5 17. Be5 Nhf6 18. a5 Be6 19. Qd2 Qd7 20. Nd6 Rfd8 21.
Ne4 Nxe4 22. Rxe4 Bf5 23. Re2 Bxd3 24. Qxd3 Bxe5 25. Rxe5 Nf4 26. Qd2 Ne6 27. Qxh6 Nxd4 28. Ng5 f6 29. Qxg6+ Qg7 30. Qxg7+ Kxg7 31. Re7+ Kg6 32.
Ne4 Re8 33. Rxe8 Rxe8 34. Nd6 Re7 35. Kf1 Rd7 36. Ne4 Nb3 37. Ra3 Rd3 38. g4 Rxh3 39. Nd6 b6 40. axb6 axb6 41. Kg2 Rd3 42. Nf5 c5 43.
Ra7 Kg5 44. Rg7+ Kf4 45. Rg6 Ke5 46. Ng3 Rd2 47. Nh5 Rxb2 48. Rxf6 Nd2 49. g5 Ne4 50.
Rf3 Nxg5 51. Re3+ Kd4 52. Nf4 c4 53. Kf1 b5 54. Ne2+ Kd5 55. Nc3+ Kd6 56. Rg3 Ne6 57. Ne4+ Ke5 58. Re3 Nf4 59. Ng3+ Kd5 60. Ke1 Nd3+ 61. Kd1 Rxf2 62. Ne2 b4 63. Re8 b3 64. Rd8+ Kc5 65.
Rc8+ Kb4 66. Nd4 Ka3 67. Rxc4 b2 0-1

[Event "Late-Titled-Tuesday-Blitz-February-13-2024"]
[Site "Chess.com"]
[Date "2024.02.13"]
[Round "10"]
[White "JackRodgers"]
[Black "Flawless_Fighter"]
[Result "0-1"]
[WhiteElo "2539"]
[BlackElo "2745"]
[TimeControl "180+1"]
[EndTime "15:56:08 PST"]
[Termination "Flawless_Fighter won by resignation"]

1. d4 Nf6 2. Bg5 d5 3. Bxf6 gxf6 4. e3 c5 5. dxc5 Nc6 6. c4 d4 7. exd4 Nxd4 8. Bd3 e5 9. Ne2 Bxc5 10. Nbc3 Be6 11.
O-O Qd7 12. Nd5 Bxd5 13. cxd5 Qxd5 14. Bb5+ Ke7 15. Nxd4 Bxd4 16. Qe2 Rhg8 17. g3 Rac8 18. Rfc1 f5 19. Bc4 Qc6 20. Bb3 Qb6 21. Kg2 f4 22.
Qf3 Bxb2 23. Rxc8 Rxc8 24. Re1 Bd4 25. Qxf4 Kd8 26. Qxf7 Qd6 27. Re4 Rc7 28. Qg8+ Kd7 29. Ba4+ Ke7 30. Qxh7+ Ke6 31. Bb3+ Kf6 32. Qh6+ Ke7 33.
Qg7+ Kd8 34. Qg8+ Kd7 35. Ba4+ Ke7 36. Rh4 Qf6 37. Rh7+ Kd6 38. f4 Rxh7 39. Qxh7 exf4 40. Qd7+ Kc5 41. Qc7+ Kb4 42. Bd1 fxg3 43. Bf3 Qb6 44. Qc2 gxh2 45. Kxh2 Qc5 46. Qb3+ Ka5 47. Kg3 Be5+ 48.
Kg2 Qd4 49. Kf1 b5 50. a3 a6 51. Be2 Qa1+ 52. Kf2 Qd4+ 53. Kf3 Qf4+ 54. Kg2 Qg3+ 55. Kf1 Qxb3 56. Kf2 Qxa3 57. Bxb5 axb5 0-1

[Event "Late-Titled-Tuesday-Blitz-February-13-2024"]
[Site "Chess.com"]
[Date "2024.02.13"]
[Round "10"]
[White "OneTrickPony_82"]
[Black "IngOscarArdila"]
[Result "0-1"]
[WhiteElo "2535"]
[BlackElo "2321"]
[TimeControl "180+1"]
[EndTime "15:56:10 PST"]
[Termination "IngOscarArdila won by resignation"]

1. d4 Nf6 2. Nc3 e6 3. e4 c5 4.
d5 exd5 5. exd5 d6 6. Nf3 Be7 7. Bc4 O-O 8. O-O Bg4 9. h3 Bh5 10. Re1 Nbd7 11. g4 Bg6 12. Bf4 a6 13. a4 h5 14. Nh4 hxg4 15. Nxg6 fxg6 16. hxg4 Nh7 17. Qd2 Bg5 18. Re4 Qf6 19. Be3 Ne5 20. Be2 Nf3+ 21. Bxf3 Qxf3 22. Qe2 Bxe3 23. Rxe3 Qf4 24. Re4 Qf6 25.
f4 Qh4 26. Rf1 Nf6 27. Re6 Nxg4 28. Rxg6 Qg3+ 29. Qg2 Qxg2+ 30. Kxg2 Ne3+ 31. Kf2 Nxf1 32. Kxf1 Rxf4+ 33. Ke2 Rf6 34. Rg5 Re8+ 35. Kd3 Rf3+ 36. Kc4 Rf4+ 37. Kb3 Kf7 38. a5 Kf6 39. Rg3 g5 40. Nd1 Re1 41. Ne3 Re2 42. c3 Rff2 43.
Nc4 Kf5 44. Nxd6+ Kf4 45. Rg1 Rxb2+ 46. Kc4 g4 47. Kxc5 g3 48. Nc4 Rbe2 49. d6 Rd2 50.
Nxd2 Rxd2 51. c4 Kf3 52. Rf1+ Ke2 53. Rf5 g2 54. Rg5 Kf2 55. Rf5+ Ke1 56. Re5+ Kf1 57. Rf5+ Rf2 58. Rxf2+ Kxf2 59. d7 g1=Q 60. d8=Q Kf3+ 61. Kd6 Qg3+ 62. Ke7 Qe5+ 63. Kf7 Qf5+ 64. Qf6 Qxf6+ 65. Kxf6 Ke4 66. Ke6 Kd4 67. Kd6 Kxc4 68. Kc7 Kb5 69. Kxb7 Kxa5 70. Kc6 Kb4 0-1

[Event "Late-Titled-Tuesday-Blitz-February-13-2024"]
[Site "Chess.com"]
[Date "2024.02.13"]
[Round "10"]
[White "Zampronha1971"]
[Black "zano2023"]
[Result "1-0"]
[WhiteElo "2352"]
[BlackElo "2165"]
[TimeControl "180+1"]
[EndTime "15:56:10 PST"]
[Termination "Zampronha1971 won by resignation"]

1. e4 e5 2. Nf3 d6 3. d4 f5 4.
dxe5 fxe4 5. Ng5 d5 6. e6 Nh6 7. c4 Bb4+ 8. Nc3 d4 9. a3 Bxc3+ 10.
bxc3 e3 11. Qh5+ Ke7 12. fxe3 dxc3 13. Be2 Bxe6 14. Nxe6 Kxe6 15. O-O Rf8 16. Rd1 Qf6 17. Qd5+ Ke7 18. Rf1 Qd6 19. Qxb7 Nd7 20. e4 Rxf1+ 21. Bxf1 Qc5+ 22. Kh1 Rf8 23. Bg5+ Kf7 24. Qd5+ Qxd5 25. cxd5 Ng4 26. Kg1 Nc5 27. h3 Nxe4 28. Bf4 Ngf6 29. Bxc7 Nxd5 30. Bc4 Nf6 31. Rd1 Ke6 32. Ba5 Rc8 33. Ba2 c2 34. Rc1 Ne4 35. Bb3 Ke5 36. Rxc2 Rxc2 37. Bxc2 Ndc3 38. Bxc3+ Nxc3 39. Bxh7 g5 40. Bg8 Nb5 41. a4 Nc3 42. a5 Nb5 43. Kf2 Nd4 44. Bc4 Nc6 45. a6 Nd4 46. Kg3 Kf5 47.
Kf2 Kf4 48. g3+ Ke4 49. h4 gxh4 50. gxh4 Kf4 51. h5 Nf5 52. Bf7 Nh6 53. Bg6 Ng4+ 54. Ke2 Ne5 55. Kd2 Nc4+ 56. Kc3 Ne5 57. Kd4 Nd7 58.
Kc4 Ne5+ 59. Kb5 Kg5 60. Kc5 Nd7+ 61. Kc6 Ne5+ 62. Kb7 Nxg6 63. hxg6 Kxg6 64. Kxa7 1-0

[Event "Late-Titled-Tuesday-Blitz-February-13-2024"]
[Site "Chess.com"]
[Date "2024.02.13"]
[Round "10"]
[White "platy3"]
[Black "DeGrootteZ"]
[Result "1-0"]
[WhiteElo "2957"]
[BlackElo "2840"]
[TimeControl "180+1"]
[EndTime "15:56:13 PST"]
[Termination "platy3 won by resignation"]

1. e4 c5 2. Nf3 d6 3. d4 cxd4 4. Nxd4 Nf6 5. Nc3 Bd7 6. Bg5 e6 7. Ndb5 Bxb5 8. Bxb5+ Nc6 9. O-O Be7 10. Bxc6+ bxc6 11. Qd3 O-O 12. Rad1 d5 13. b3 a5 14. Rfe1 Rb8 15. h3 h6 16. Bf4 Rb4 17. Qf3 Qc8 18. Be5 Nd7 19. Bg3 Bf6 20. Bd6 Rd8 21. e5 Bg5 22. Bxb4 axb4 23. Na4 Qc7 24. Qg4 Nxe5 25. Qxb4 Bf6 26. Qb6 Qd6 27. Qc5 Qc7 28. c4 Nd7 29.
Qb4 c5 30. Qd2 d4 31. Nb2 e5 32. Nd3 Qc6 33. Qe2 Re8 34. Qe4 Qxe4 35. Rxe4 Ra8 36. Rd2 g6 37. f4 exf4 38. Nxf4 Bg5 39. Rde2 Nf6 40. Nd3 Nxe4 41. Rxe4 Rxa2 42. Nxc5 Rb2 43. Kf1 d3 44. Nxd3 Rxb3 45. Ke2 Rc3 46. h4 f5 47. Rd4 Bf6 48. Rd6 Bxh4 49. Rxg6+ Kf7 50. Rxh6 Bg5 51. Rc6 Bf6 52. Nf4 Be5 53. Nd5 Rc2+ 54. Kf3 Ra2 55. Ne3 Ra3 56. Ke2 Ra2+ 57. Kd1 f4 58. Ng4 Rxg2 59. Nxe5+ Ke7 60. Nd3 f3 61. Ke1 Re2+ 62. Kf1 Rd2 63. Ne5 Rc2 64. Nxf3 Kd7 65. Rc5 Kd6 66.
Rd5+ Kc6 67. Nd4+ 1-0

[Event "Late-Titled-Tuesday-Blitz-February-13-2024"]
[Site "Chess.com"]
[Date "2024.02.13"]
[Round "10"]
[White "Nf3c5"]
[Black "Rodalquilar"]
[Result "1-0"]
[WhiteElo "2574"]
[BlackElo "2751"]
[TimeControl "180+1"]
[EndTime "15:56:20 PST"]
[Termination "Nf3c5 won by checkmate"]

1. d4 d5 2. Nf3 Nf6 3. Bg5 Ne4 4. Bh4 h5 5. Nfd2 g5 6. Nxe4 gxh4 7. Nc5 e5 8. e3 e4 9. Be2 a5 10. c4 b6 11. Na4 dxc4 12. Bxc4 Qg5 13. Qb3 Bb4+ 14. Nac3 Qxg2 15. Rf1 Bh3 16. Nd2 Qg6 17. Bd5 Bxf1 18.
Kxf1 c6 19. Bxe4 Qd6 20. Nc4 Qxh2 21. Nxb6 Ra7 22. Ke2 f5 23. Qe6+ Kf8 24. Bxf5 Rf7 25.
Rf1 Qc7 26. Bg6 Rh6 27. Qxf7+ Qxf7 28. Bxf7 Kxf7 29. Nc4 Rg6 30. Ne5+ Kg7 31. Nxg6 Kxg6 32. Ne4 Kf5 33. f3 Nd7 34. Rh1 Kg6 35. Rxh4 Be7 36. Rh1 Nf8 37. f4 Ne6 38. Kf3 Nc7 39. Ng3 h4 40.
Ne4 Nd5 41. a3 a4 42. Nf2 Kf7 43. e4 Nb6 44. Ng4 Nc4 45. Rh2 Ke6 46. f5+ Kd6 47.
e5+ Kd5 48. f6 Bf8 49. Rxh4 c5 50. Rh8 Nxb2 51. Rxf8 c4 52. f7 Ke6 53. d5+ Ke7 54. Ra8 Kxf7 55. d6 c3 56. d7 c2 57.
Rc8 Nd3 58. d8=Q c1=Q 59. Rxc1 Nxc1 60. Qc7+ Ke6 61. Qxc1 Kd5 62. Qc3 Ke6 63. Qb4 Kf5 64. Qxa4 Ke6 65. Qe4 Kf7 66. a4 Ke8 67. a5 Kd7 68. a6 Kc7 69. a7 Kb6 70. Qd4+ Kb7 71. Qd7+ Ka8 72. Qc8+ Kxa7 73. Qc6 Kb8 74. e6 Ka7 75. e7 Kb8 76. e8=Q+ Ka7 77. Qea8# 1-0

[Event "Late-Titled-Tuesday-Blitz-February-13-2024"]
[Site "Chess.com"]
[Date "2024.02.13"]
[Round "10"]
[White "ural58"]
[Black "Kosak12"]
[Result "0-1"]
[WhiteElo "2506"]
[BlackElo "2822"]
[TimeControl "180+1"]
[EndTime "15:56:20 PST"]
[Termination "Kosak12 won on time"]

1. e4 c5 2. b3 g6 3. Bb2 Nf6 4. e5 Nd5 5. Nc3 Nxc3 6. Bxc3 Bg7 7. h4 Nc6 8. Nf3 d6 9. exd6 Bxc3 10. dxc3 exd6 11.
Bb5 Be6 12. Qd2 Qc7 13. Qg5 a6 14. Bxc6+ Qxc6 15. O-O-O Qc7 16. h5 Qe7 17. hxg6 fxg6 18. Rhe1 Rf8 19. Re3 Rxf3 20. Qxe7+ Kxe7 21. gxf3 Re8 22.
Rde1 Kd7 23. c4 b5 24. cxb5 axb5 25. a4 bxa4 26. bxa4 Bf7 27. Rxe8 Bxe8 28. a5 Bf7 29. a6 Bd5 30. f4 h5 31. a7 h4 32. Re3 Kc7 33.
Rh3 Kb7 34. Rxh4 Kxa7 35. Rh6 Be4 36. f3 Bf5 37. c3 Kb6 38. Rh7 Kc6 39. Kd2 Kd5 40. Ra7 Kc4 41. Ra6 Kd5 42. Ke3 Bb1 43.
Ra4 Bf5 44. c4+ Kc6 45. Ra6+ Kc7 46. Ra7+ Kb6 47. Rf7 Kc6 48. Rf6 Kd7 49. Rf7+ Kc6 50. Rg7 Bb1 51. Kf2 Kb6 52. Rd7 Kc6 53. Rd8 Bf5 54.
Kg3 Be6 55. f5 gxf5 56. Kf4 Bxc4 57. Kxf5 d5 58. Ke5 d4 59. f4 Kb5 60. Rb8+ Ka4 61. Kd6 d3 62. Kxc5 Bb3 0-1